 Dungeon Crawl Stone Soup version 0.30-a0-748-ge6a52f7cba (webtiles) character file.

Game seed: 2488406991303984842

130 hikkokomori the Conjurer (level 4, -6/24 HPs)
             Began as a Deep Elf Conjurer on Feb 9, 2023.
             Mangled by a gnoll
             ... wielding a +0 flail
              (12 damage)
             ... on level 4 of the Dungeon.
             The game lasted 00:03:29 (3660 turns).

hikkokomori the Conjurer (Deep Elf Conjurer)        Turns: 3660, Time: 00:03:30

Health: -6/24      AC:  5    Str: 10    XL:     4   Next: 90%
Magic:  0/10       EV: 12    Int: 25    God:
Gold:   164        SH:  5    Dex: 13    Spells: 6/9 levels left

rFire   . . .      SeeInvis .    j - +0 dagger (drain)
rCold   . . .      Faith    .    (no shield)
rNeg    . . .      Spirit   .    a - +0 robe
rPois   .          Reflect  +    n - +2 helmet
rElec   .          Harm     .    (no cloak)
rCorr   +          Rampage  .    (no gloves)
Will    .....                    (no boots)
Stlth   +++                      d - amulet of reflection
HPRegen 0.24/turn                g - +6 ring of strength
MPRegen 0.12/turn                l - ring of resist corrosion

@: no status effects
A: no striking features
a: no special abilities


You were on level 4 of the Dungeon.
You visited 1 branch of the dungeon, and saw 4 of its levels.

You collected 164 gold pieces.

Inventory:

Hand Weapons
 h - a +0 club
 j - a +0 dagger of draining (weapon)
Missiles
 o - 2 poisoned darts
Armour
 a - a +0 robe (worn)
 n - a +2 helmet (worn)
Jewellery
 d - an amulet of reflection (around neck)
 g - a +6 ring of strength (left hand)
 l - a ring of resist corrosion (right hand)
 p - an amulet of magic regeneration
Scrolls
 e - a scroll of enchant armour {unknown}
 i - 3 scrolls of fog {unknown}
 k - 2 scrolls of poison {unknown}
 m - 3 scrolls of teleportation {unknown}
Potions
 b - 2 potions of magic
 c - a potion of ambrosia {unknown}
 f - 4 potions of curing {unknown}
 q - a potion of invisibility {unknown}
 r - 3 potions of flight {unknown}


   Skills:
 - Level 2.4 Dodging
 + Level 5.0 Stealth
 - Level 3.0 Spellcasting
 + Level 5.7 Conjurations


You had 6 spell levels left.
You knew the following spells:

 Your Spells              Type           Power      Damage    Failure   Level
a - Magic Dart            Conj           100%       1d8       1%          1
b - Searing Ray           Conj           64%        2d6       1%          2

Your spell library contained the following spells:

 Spells                   Type           Power      Damage    Failure   Level
 Dazzling Flash           Conj/Hex       36%        N/A       10%         3
 Fulminant Prism          Conj/Hex       9%         3d6       30%         4
 Iskenderun's Mystic Bla  Conj/Tloc      18%        2d6       30%         4


Dungeon Overview and Level Annotations

Branches:
Dungeon (4/15)
 Temple: D:4-7

Altars:
Dithmenos
Gozag

Shops:
D:1 *

Annotations:
D:3 2 transporters, Dittersdorf's ghost, amateur GrFi


Message History

Aiming: Searing Ray (safe; 1% risk of failure)
Press: ? - help, Shift-Dir - straight line, f - gnoll
Aim: a gnoll, wielding a +0 whip (83% to hit)
The searing ray misses the gnoll. (Press . to maintain the ray.)
The searing ray hits the gnoll.
The gnoll is heavily wounded.
The searing ray hits the gnoll!
You kill the gnoll!
Your Stealth skill increases to level 5!
The searing ray hits the gnoll!
The gnoll is heavily wounded.
You finish channelling your searing ray.
Casting: Searing Ray (safe; 1% risk of failure)
Confirm with . or Enter, or press ? or * to list all spells.
Aiming: Magic Dart (safe; 1% risk of failure)
Press: ? - help, Shift-Dir - straight line, f - gnoll
Aim: a gnoll, wielding a +0 flail (heavily wounded, 100% to hit)
The magic dart hits the gnoll.
The gnoll is severely wounded.
The gnoll closely misses you.
You hit the gnoll but do no damage.
The gnoll is severely wounded.
The gnoll hits you with a +0 flail.
You hit the gnoll.
The gnoll is severely wounded.
The gnoll hits you with a +0 flail.
You closely miss the gnoll.
The gnoll is severely wounded.
The gnoll barely misses you.
You barely miss the gnoll.
The gnoll is severely wounded.
The gnoll hits you with a +0 flail!
* * * LOW HITPOINT WARNING * * *
You are too injured to fight recklessly!
You hit the gnoll but do no damage.
The gnoll is severely wounded.
The gnoll hits you with a +0 flail!
Ouch! That really hurt!
You die...

####...#
#......#
#......#
#......#
#..)...#
#..)...#.....#
#..g..##.....#
#..@..++.....
#.....##....
#..........
#..........
###......#+###
#.....<....#
#....))....#
#..........#
#####..).......#
#


You could see a gnoll.

Vanquished Creatures
  An orc priest (D:4)
  3 gnolls
  A worm (D:2)
  A dart slug (D:1)
  3 orcs
  4 bats
  5 endoplasms
  3 giant cockroaches
  6 goblins
  4 hobgoblins (D:1)
  6 jackals (D:1)
  2 quokkas (D:1)
  5 ball pythons
  8 frilled lizards
  7 kobolds
  4 rats
63 creatures vanquished.

Notes
Turn   | Place    | Note
-------+----------+-------------------------------------------
     0 | D:1      | hikkokomori the Deep Elf Conjurer began the quest for the
                  | Orb.
     0 | D:1      | Reached XP level 1. HP: 10/10 MP: 6/6
   239 | D:1      | Reached XP level 2. HP: 15/15 MP: 4/8
   285 | D:1      | Learned a level 2 spell: Searing Ray
   614 | D:1      | Reached skill level 5 in Conjurations
   614 | D:1      | Reached XP level 3. HP: 19/19 MP: 5/9
   888 | D:1      | Found Celi Guet's General Store.
  2156 | D:2      | Reached XP level 4. HP: 17/24 MP: 4/10
  2636 | D:3      | Found a transporter.
  2906 | D:3      | Found a shadowy altar of Dithmenos.
  2966 | D:3      | Noticed Dittersdorf's ghost (amateur GrFi)
  2967 | D:3      | Found a transporter.
  3116 | D:3      | Found an opulent altar of Gozag.
  3654 | D:4      | Reached skill level 5 in Stealth
  3660 | D:4      | Mangled by a gnoll

Illustrated notes

Levels and vault maps discovered:
D:1:      elethiomel_arrival_quiet, layout_loops_corners, serial_shops, shop,
          dk_noncrumbling_3, grunt_decor_clamped
D:2:      layout_loops_cross, ebering_dispersal_statue_hall, minmay_lizard_pond
D:3:      layout_loops_corners, lemuel_crystal_altar, lemuel_crystal_altar,
          gammafunk_ghost_mausoleum
D:4:      layout_basic, nicolae_qazlal_eye_of_the_storm, solitary_fountain,
          uniq_sigmund, uniq_eustachio, uniq_grinder

Skill      XL: |  1  2  3  4 |
---------------+-------------+-----
Stealth        | 3 4 5 |  5.0
Conjurations   | 5 |  5.7
Dodging        | |  2.4
Spellcasting   | |  3.0

Action                     |  1- 3 |  4- 6 || total
---------------------------+-------+-------++-------
  Melee: Unarmed           |     5 |       ||     5
         Dagger            |     1 |    12 ||    13
   Cast: Magic Dart        |    78 |    20 ||    98
         Searing Ray       |     4 |     3 ||     7
   Stab: Sleeping          |     1 |       ||     1
  Dodge: Dodged            |     2 |     5 ||     7
  Block: Other             |     1 |     2 ||     3

Table legend: (Time is in decaauts)
 A = Elapsed time spent in this place.
 B = Non-inter-level travel time spent in this place.
 C = Inter-level travel time spent in this place.
 D = Time resting spent in this place.
 E = Time spent auto-exploring this place.
 F = Levels seen in this place.
 G = Mean time per level.
                   A        B        C        D        E       F      G
               +--------+--------+--------+--------+--------+-----+--------+
         Total |   3657 |   3456 |    201 |     75 |   3119 |   4 |  914.2 |
       Dungeon |   3657 |   3456 |    201 |     75 |   3119 |   4 |  914.2 |
               +--------+--------+--------+--------+--------+-----+--------+

Top non-repeatable levels by time:
     D:1: 1649 daAuts
     D:3: 958 daAuts
     D:2: 882 daAuts
     D:4: 167 daAuts
